 Dungeon Crawl Stone Soup version 0.30-a0-879-ga8ba668304 (webtiles) character file.

Game seed: 11186259994824741268

749 Gerhazo the Ducker (level 8, 0/56 HPs)
             Began as a Djinni Hedge Wizard on Mar 13, 2023.
             Killed from afar by Blork the orc (2 damage)
             ... with a puff of flame
             ... on level 5 of the Dungeon.
             The game lasted 00:07:06 (2803 turns).

Gerhazo the Ducker (Djinni Hedge Wizard)            Turns: 2803, Time: 00:07:07

Health: 0/56       AC:  6    Str:  9    XL:     8   Next: 6%
Gold:   171        EV: 14    Int: 17    God:
                   SH:  0    Dex: 14

rFire   + + .      SeeInvis .    a - +0 dagger
rCold   x . .      Faith    .    (no shield)
rNeg    . . .      Spirit   .    b - +0 robe
rPois   ∞          Reflect  .    c - +0 hat
rElec   .          Rampage  .    d - +0 cloak
rCorr   .                        t - +2 pair of gloves
Will    .....                    (boots unavailable)
Stlth   +++                      (no amulet)
HPRegen 0.29/turn                (no ring)
MPRegen 0.00/turn                (no ring)

@: on blink cooldown, flying
A: sickness immunity, fire resistance 2, cold vulnerability 1, float, innate
caster, HP casting, extra vitality 1
a: no special abilities


You were on level 5 of the Dungeon.
You visited 1 branch of the dungeon, and saw 5 of its levels.

You collected 171 gold pieces.

Inventory:

Hand Weapons
 a - a +0 dagger (weapon)
Missiles
 o - 5 poisoned darts
 s - 2 throwing nets
Armour
 b - a +0 robe (worn)
 c - a +0 hat (worn)
 d - a +0 cloak (worn)
 t - a +2 pair of gloves (worn)
Wands
 p - a wand of flame (18)
 q - a wand of polymorph (10)
Scrolls
 e - a scroll of silence {unknown}
 f - a scroll of teleportation {unknown}
 g - a scroll of summoning {unknown}
 h - a scroll of amnesia {unknown}
 i - 2 scrolls of poison {unknown}
 u - 2 scrolls of identify {unknown}
 w - a scroll of enchant weapon {unknown}
Potions
 j - a potion of ambrosia {unknown}
 k - 2 potions of curing {unknown}
 l - a potion of mutation {unknown}
 m - a potion of heal wounds {unknown}
 n - a potion of cancellation {unknown}
 r - a potion of berserk rage {unknown}
 v - a potion of experience {unknown}


   Skills:
 + Level 3.5 Fighting
 + Level 5.1 Dodging
 + Level 4.1 Stealth
 + Level 4.0 Spellcasting


You knew the following spells:

 Your Spells              Type           Power      Damage    Failure   Level
a - Magic Dart            Conj           68%        1d6       3%          1
b - Slow                  Hex            68%        N/A       3%          1
c - Blink                 Tloc           34%        N/A       4%          2
d - Call Imp              Summ           17%        N/A       4%          2
e - Mephitic Cloud        Conj/Pois/Air  17%        N/A       9%          3
f - Beastly Appendage     Tmut           34%        N/A       3%          1
g - Scorch                Fire           34%        2d7       4%          2
h - Momentum Strike       Conj/Tloc      34%        3d8       4%          2
Your spell library was empty.

Dungeon Overview and Level Annotations

Branches:
Dungeon (5/15)
 Temple: D:4-7

Altars:
Cheibriados
Dithmenos
Ru

Annotations:
D:4 Pikel
D:5 Blork the orc


Innate Abilities, Weirdness & Mutations

You are immune to sickness and miasma.
You are immune to poison.
Your flesh is very heat resistant. (rF++)
You are vulnerable to cold. (rC-)
You float through the air rather than walking.
You learn spells naturally, not from books.
Your magical power is your life essence.
You have superior vitality. (+4 MHP)


Message History

Blork the orc points at you and mumbles some strange words.
The magic dart hits you but does no damage.
Blork the orc gestures at you while chanting.
The puff of frost hits you.
You feel a terrible chill!
Your crimson imp barely misses Blork the orc.
Your crimson imp hits Blork the orc but does no damage.
Your magical contamination has completely faded away.
Casting: Call Imp (safe; 4% risk of failure)
Confirm with . or Enter, or press ? or * to list all spells.
You blink.
Your crimson imp blinks!
Blork the orc casts a cantrip, but nothing happens.
You feel stable enough to blink again.
Casting: Blink (safe; 4% risk of failure)
Confirm with . or Enter, or press ? or * to list all spells.
You blink.
Blork the orc screams, "I'll cover the dungeon with your blood!"
Blork the orc miscasts a cantrip.
Casting: Blink (safe; 4% risk of failure)
Confirm with . or Enter, or press ? or * to list all spells.
You are still too unstable to blink.
Blork the orc barely misses you. Blork the orc hits you with a +0 mace.
Your crimson imp blinks!
You feel stable enough to blink again.
Blork the orc points at you and mumbles some strange words.
The puff of frost hits you!
You feel a terrible chill!
* * * LOW HITPOINT WARNING * * *
Blork the orc gestures at you while chanting.
The puff of frost hits you!
You feel a terrible chill!
* * * LOW HITPOINT WARNING * * *
Blork the orc attacks as you move away! Blork the orc hits you with a +0 mace.
* * * LOW HITPOINT WARNING * * *
Casting: Blink (safe; 4% risk of failure)
Confirm with . or Enter, or press ? or * to list all spells.
You blink.
* * * LOW HITPOINT WARNING * * *
Blork the orc points at you and mumbles some strange words.
The puff of flame hits you. You resist.
You die...

##......#...#........####'###....
.#......# #........#......#....
.#......# #........#......#....
.'......# #........#......'....
.#......##+##........###...##....
.######................#...#...."
...[..#........5.......+...#.....
......#......o.........#...#[....
......+.....§...@......#...#.....
#####'#.....<..........#####.....
#.....################# #......
#.....# #...... #.....# #......
#.....# #.....# #...... ..######


You could see Blork the orc (fast, ally target) and a friendly crimson imp
(summoned).

Vanquished Creatures
  Duvessa (D:4)
  A black bear (D:5)
  A phantom (D:4)
  A scorpion (D:4)
  Dowan (D:4)
  An orc priest (D:4)
  A sleepcap (D:5)
  A gnoll (D:4)
  4 adders
  An orc (D:4)
  2 bats
  3 endoplasms
  5 goblins
  3 hobgoblins
  3 jackals (D:1)
  A quokka (D:4)
  3 ball pythons
  A frilled lizard (D:3)
  A kobold (D:1)
  2 rats
37 creatures vanquished.

Vanquished Creatures (collateral kills)
  An ogre (D:4)
  A lemure (D:3)
  A scorpion (D:4)
  A hound (D:4)
  A gnoll bouda (D:3)
  3 gnolls (D:4)
  A worm (D:3)
  An orc (D:4)
  A hobgoblin (D:4)
11 creatures vanquished.

Grand Total: 48 creatures vanquished

Notes
Turn   | Place    | Note
-------+----------+-------------------------------------------
     0 | D:1      | Gerhazo the Djinni Hedge Wizard began the quest for the
                  | Orb.
     0 | D:1      | Gerhazo set off with the following spells memorised: Magic
                  | Dart, Slow, Blink, Call Imp, Mephitic Cloud.
     0 | D:1      | Reached XP level 1. HP: 15/15 MP: 0/0
   182 | D:1      | Reached XP level 2. HP: 14/21 MP: 0/0
   462 | D:3      | Reached XP level 3. HP: 15/25 MP: 0/0
   462 | D:3      | Learned a level 1 spell: Beastly Appendage
   603 | D:4      | Reached skill level 3 in Dodging
   623 | D:4      | Reached XP level 4. HP: 14/31 MP: 0/0
   761 | D:4      | Noticed a lemure
   765 | D:4      | Noticed a scorpion
   765 | D:4      | Noticed Pikel
   800 | D:4      | Noticed a lemure
   819 | D:4      | Killed a scorpion
   820 | D:4      | Reached skill level 1 in Fighting
   820 | D:4      | Reached XP level 5. HP: 36/37 MP: 0/0
   820 | D:4      | Learned a level 2 spell: Scorch
   848 | D:3      | Killed a lemure
  1217 | D:4      | Reached XP level 6. HP: 35/43 MP: 0/0
  1365 | D:4      | Found a shadowy altar of Dithmenos.
  1396 | D:4      | Noticed an ogre
  1403 | D:4      | Killed an ogre
  1404 | D:4      | Reached skill level 4 in Dodging
  1700 | D:4      | Reached XP level 7. HP: 34/49 MP: 0/0
  1700 | D:4      | Learned a level 2 spell: Momentum Strike
  1847 | D:4      | Noticed Dowan
  1849 | D:4      | Noticed Duvessa
  1868 | D:4      | Killed Duvessa
  2042 | D:4      | Killed Dowan
  2392 | D:5      | Entered Level 5 of the Dungeon
  2444 | D:5      | Reached skill level 5 in Dodging
  2444 | D:5      | Reached XP level 8. HP: 48/56 MP: 0/0
  2576 | D:5      | Found a snail-covered altar of Cheibriados.
  2578 | D:5      | Found a sacrificial altar of Ru.
  2770 | D:5      | Noticed Blork the orc
  2803 | D:5      | Killed from afar by Blork the orc

Illustrated notes

Levels and vault maps discovered:
D:1:      elethiomel_arrival_infinity_welcomes_careful_drivers,
          layout_loops_ring
D:2:      cheibrodos_old_hovel, layout_loops_cross, corexii_shack,
          amcnicky_mini_pool_small, minmay_quantized, uniq_crazy_yiuf_cottage
D:3:      layout_loops_ring, uniq_robin, uniq_sigmund, uniq_jessica
D:4:      layout_basic, mainiacjoe_overflow_alcove_1, uniq_pikel, uniq_duvessa
D:5:      layout_gridville, mainiacjoe_overflow_catwalk_spiral,
          makhleb_grotto_becter, uniq_blork_the_orc

Skill      XL: |  1  2  3  4  5  6  7 |
---------------+----------------------+-----
Stealth        | 2 3 4 |  4.1
Dodging        | 3 4 5 |  5.1
Spellcasting   | 3 4 |  4.0
Fighting       | 1 2 3 |  3.5

Action                     |  1- 3 |  4- 6 |  7- 9 || total
---------------------------+-------+-------+-------++-------
  Melee: Dagger            |       |       |     2 ||     2
   Cast: Magic Dart        |    52 |    10 |     1 ||    63
         Call Imp          |    10 |    26 |    15 ||    51
         Scorch            |       |    26 |    32 ||    58
         Blink             |       |     3 |     4 ||     7
 Armour: Robe              |     4 |     3 |     1 ||     8
         Skin              |       |       |     4 ||     4
  Dodge: Dodged            |     9 |    10 |    12 ||    31

Table legend: (Time is in decaauts)
 A = Elapsed time spent in this place.
 B = Non-inter-level travel time spent in this place.
 C = Inter-level travel time spent in this place.
 D = Time resting spent in this place.
 E = Time spent auto-exploring this place.
 F = Levels seen in this place.
 G = Mean time per level.
                   A        B        C        D        E       F      G
               +--------+--------+--------+--------+--------+-----+--------+
         Total |   2799 |   2701 |     98 |    677 |   1216 |   5 |  559.8 |
       Dungeon |   2799 |   2701 |     98 |    677 |   1216 |   5 |  559.8 |
               +--------+--------+--------+--------+--------+-----+--------+

Top non-repeatable levels by time:
     D:4: 1171 daAuts
     D:3: 765 daAuts
     D:5: 410 daAuts
     D:1: 292 daAuts
     D:2: 159 daAuts
